 Dungeon Crawl Stone Soup version 0.23.2-1-ga50397a (webtiles) character file.

Game seed: 18352191888520968190

3247 cab the Geomancer (level 9, -1/52 HPs)
             Began as a Gargoyle Earth Elementalist on May 28, 2019.
             Was a Follower of Vehumet.
             Slain by Erica
             ... wielding a +1 scimitar of flaming
              (2 damage)
             ... on level 7 of the Dungeon.
             The game lasted 00:41:40 (10980 turns).

cab the Geomancer (Gargoyle Earth Elementalist)    Turns: 10980, Time: 00:41:41

Health: -1/52      AC: 11    Str: 12    XL:     9   Next: 99%
Magic:  13/17      EV: 12    Int: 19    God:    Vehumet [*.....]
Gold:   348        SH:  0    Dex: 10    Spells: 9/18 levels left

rFire    . . .     SeeInvis .   K - +1 flail (holy)
rCold    . . .     Gourm    .   (no shield)
rNeg     + . .     Faith    .   t - +1 leather armour
rPois    ∞         Spirit   .   (no helmet)
rElec    +         Reflect  .   D - +0 cloak
rCorr    .         Harm     .   (no gloves)
MR       .....                  (no boots)
Stlth    ++++......             (no amulet)
HPRegen  0.17/turn              k - ring of stealth
MPRegen  0.15/turn              q - ring of stealth

@: very slightly contaminated, slowed, very slow
A: negative energy resistance 1, electricity resistance, unbreathing,
petrification resistance, rot immunity, AC +6
a: Renounce Religion


You were on level 7 of the Dungeon.
You worshipped Vehumet.
Vehumet was aware of your devotion.
You were very hungry.

You visited 2 branches of the dungeon, and saw 9 of its levels.

You collected 348 gold pieces.

Inventory:

Hand Weapons
 y - a +0 whip of flaming
 K - a +1 flail of holy wrath (weapon)
Missiles
 b - 150 stones (quivered)
Armour
 t - a +1 leather armour (worn)
 D - a +0 cloak (worn)
Jewellery
 k - a ring of stealth (left hand)
 n - an uncursed ring of ice
 p - an uncursed ring of resist corrosion
 q - a ring of stealth (right hand)
 s - an uncursed ring of protection from magic {unknown}
 z - an uncursed ring of positive energy {unknown}
Wands
 r - a wand of paralysis (7)
 x - a wand of iceblast (13)
 F - a wand of flame (26)
 I - a wand of random effects (8)
Scrolls
 g - 3 scrolls of immolation {unknown}
 h - 8 scrolls of teleportation
 j - a scroll of enchant weapon {unknown}
 m - 7 scrolls of remove curse
 u - a scroll of fog
 w - 2 scrolls of amnesia
Potions
 a - 2 potions of berserk rage
 c - 2 potions of haste
 e - a potion of cancellation
 f - 4 potions of might
 i - 3 potions of brilliance
 l - 2 potions of degeneration
 o - 2 potions of curing
 v - a potion of magic
 A - 2 potions of resistance
 B - 2 potions of flight
 E - a potion of agility {unknown}
 G - a potion of mutation {unknown}
Comestibles
 d - 12 rations


   Skills:
 + Level 4.0 Fighting
 - Level 0.4 Maces & Flails
 - Level 3.0 Armour
 + Level 3.5 Dodging
 - Level 2.1 Stealth
 + Level 5.4 Spellcasting
 + Level 4.8 Conjurations
   Level 0.7 Transmutations
 - Level 11.9 Earth Magic


You had 9 spell levels left.
You knew the following spells:

 Your Spells              Type           Power        Failure   Level  Hunger
a - Sandblast             Erth           ######       1%          1    None
b - Stone Arrow           Conj/Erth      #####.       1%          3    ##.....
c - Lee's Rapid Deconstr  Erth           ######....   3%          5    #####..

Your spell library contained the following spells:

 Spells                   Type           Power        Failure   Level  Hunger
 Shock                    Conj/Air       ##..         5%          1    None
 Passwall                 Tmut/Erth      ####....     1%          2    None
 Petrify                  Tmut/Erth      ####....     11%         4    ####...
 Confusing Touch          Hex            #.....       16%         1    None
 Corona                   Hex            #......      16%         1    None
 Dazzling Spray           Conj/Hex       ##....       17%         3    ##.....
 Ensorcelled Hibernation  Hex/Ice        #.....       22%         2    None
 Confuse                  Hex            #.......     41%         3    ##.....
 Gell's Gravitas          Tloc           #.........   41%         3    ##.....
 Tukima's Dance           Hex            #.......     41%         3    ##.....
 Yara's Violent Unravell  Hex/Tmut       #.........   98%         5    #####..
 Metabolic Englaciation   Hex/Ice        #.........   99%         5    #####..


Dungeon Overview and Level Annotations

Branches:
Dungeon (8/15)             Temple (1/1) D:4
   Lair: D:8-11

Altars:
Ashenzari
Cheibriados
Dithmenos
Elyvilon
Hepliaklqana
Kikubaaqudgha
Makhleb
Nemelex Xobeh
Okawaru
Qazlal
Ru
Sif Muna
Trog
Uskayaw
Vehumet
Wu Jian
Xom
Yredelemnul
Zin
The Shining One

Shops:
D:4 *   D:7 [

Annotations:
D:7 Erica
D:8 Prince Ribbit


Innate Abilities, Weirdness & Mutations

You are resistant to torment.
Your stone body is resilient. (AC +6)
You are immune to poison.
You resist negative energy. (rN+)
You are resistant to electric shocks. (rElec)
You can survive without breathing.
You are immune to petrification.
You are immune to rotting.


Message History

You hear some strange, mumbled words.
A bolt of poison appears from out of thin air!
The bolt of poison hits you but does no damage.
You resist.
You miss something. Something hits you. Something burns you.
Something hits you but does no damage.
You are feeling very hungry.
You hit something. Something hits you.
* * * LOW HITPOINT WARNING * * *
Something burns you.
* * * LOW HITPOINT WARNING * * *
You hit something. Something hits you!
* * * LOW HITPOINT WARNING * * *
Something burns you.
* * * LOW HITPOINT WARNING * * *
Something hits you but does no damage.
You closely miss something.
Erica appears from thin air!
Reactivating autopickup.
Erica hits you with a +1 scimitar of flaming.
You die...

..##.#...........................
..####..................#........
..####.#................#........
#.##...........................##
.......#...........#........)..#
.....)##........#.###..........#
...#####........###..........###
##.#####.##.###...#.>...[..###
#...#.....#.###.@@.......######
##.##.....#...............#...#
...#..........#...............##
...#..#......####..............#
#....##.#..#####......######...#
##..##..#..#..#.........####..##
#####..............#....#.....#
##........._...##.........##
##...........^..##.........#


You could see Erica.

Vanquished Creatures
  A two-headed ogre (D:8)
  Sigmund (D:3)
  A wyvern (D:8)
  2 ogres (D:4)
  An ice beast (D:5)
  2 black bears
  A sky beast (D:6)
  3 phantoms
  3 centaurs
  2 bullfrogs (D:6)
  A scorpion (D:6)
  4 howler monkeys
  2 crimson imps
  2 jellies
  3 orc priests
  4 hounds
  4 orc wizards
  A centaur skeleton (D:6)
  A gnoll shaman (D:3)
  An iguana (D:8)
  6 worker ants
  A hound zombie (D:7)
  4 hound skeletons
  8 adders
  3 gnolls
  An adder zombie (D:8)
  2 adder skeletons (D:4)
  A dart slug (D:4)
  6 leopard geckos
  14 orcs
  9 giant cockroaches
  6 hobgoblins
  10 jackals
  4 quokkas
  8 bats
  7 frilled lizards
  6 goblins
  2 jackal skeletons
  11 kobolds
  2 quokka skeletons (D:4)
  8 rats
159 creatures vanquished.

Notes
Turn   | Place    | Note
-------+----------+-------------------------------------------
     0 | D:1      | cab the Gargoyle Earth Elementalist began the quest for the
                  | Orb.
     0 | D:1      | Reached XP level 1. HP: 10/10 MP: 3/3
   202 | D:1      | Reached skill level 4 in Earth Magic
   375 | D:1      | Reached XP level 2. HP: 14/15 MP: 5/5
  1443 | D:1      | Reached XP level 3. HP: 19/19 MP: 6/6
  1506 | D:2      | Learned a level 3 spell: Stone Arrow
  1506 | D:2      | Found a burning altar of Makhleb.
  1810 | D:2      | Reached skill level 5 in Earth Magic
  2327 | D:2      | Reached skill level 1 in Fighting
  2512 | D:2      | Reached XP level 4. HP: 24/25 MP: 7/7
  2527 | D:2      | Reached skill level 1 in Conjurations
  2951 | D:3      | Reached XP level 5. HP: 29/29 MP: 5/8
  2957 | D:3      | Reached skill level 6 in Earth Magic
  3576 | D:3      | Found a deep blue altar of Sif Muna.
  3577 | D:3      | Found an iron altar of Okawaru.
  3588 | D:3      | Found a hazy altar of Hepliaklqana.
  4149 | D:3      | Noticed Sigmund
  4158 | D:3      | Killed Sigmund
  4158 | D:3      | Reached skill level 7 in Earth Magic
  4158 | D:3      | Reached XP level 6. HP: 28/34 MP: 1/9
  4570 | D:4      | Reached skill level 8 in Earth Magic
  4570 | D:4      | Reached XP level 7. HP: 36/38 MP: 6/10
  5041 | D:4      | Found an ornate altar of the Wu Jian Council.
  5124 | D:4      | Found a staircase to the Ecumenical Temple.
  5129 | Temple   | Entered the Ecumenical Temple
  5145 | Temple   | Became a worshipper of Vehumet
  6013 | D:4      | Found Qeitymis's Assorted Antiques.
  6123 | D:4      | Reached skill level 9 in Earth Magic
  6579 | D:5      | Entered Level 5 of the Dungeon
  6601 | D:5      | Learned a level 5 spell: Lee's Rapid Deconstruction
  6644 | D:5      | Reached skill level 1 in Armour
  6783 | D:5      | Found a shimmering altar of Xom.
  6792 | D:5      | Reached XP level 8. HP: 31/43 MP: 0/11
  6957 | D:5      | Found a sparkling altar of Nemelex Xobeh.
  7095 | D:5      | Reached skill level 10 in Earth Magic
  7324 | D:5      | Reached * piety under Vehumet
  7324 | D:5      | Offered knowledge of Shock by Vehumet.
  8007 | D:6      | Reached skill level 11 in Earth Magic
  8328 | D:6      | Reached XP level 9. HP: 41/48 MP: 1/13
  9352 | D:7      | Found Jaggaos's Antique Armour Shoppe.
  9742 | D:7      | Found a snail-covered altar of Cheibriados.
 10002 | D:8      | Noticed Erica
 10004 | D:8      | Noticed a two-headed ogre
 10433 | D:8      | Noticed Prince Ribbit
 10513 | D:8      | Killed a two-headed ogre
 10513 | D:8      | Reached skill level 5 in Spellcasting
 10979 | D:7      | HP: 1/52 [something (3)]
 10980 | D:7      | Slain by Erica

Skill      XL: |  1  2  3  4  5  6  7  8  9 |
---------------+----------------------------+-----
Earth Magic    | 4 5 7 8 9 11 | 11.9
Fighting       | 1 2 4 |  4.0
Conjurations   | 1 3 4 |  4.8
Armour         | 1 3 |  3.0
Spellcasting   | 3 5 |  5.4
Dodging        | 3 |  3.5
Maces & Flails | |  0.4
Stealth        | |  2.1
Transmutations | |  0.7

Action                   |  1- 3 |  4- 6 |  7- 9 || total
-------------------------+-------+-------+-------++-------
Melee: Club              |    65 |       |       ||    65
       Unarmed           |    14 |       |       ||    14
       Mace              |    64 |    82 |       ||   146
       Flail             |       |       |   159 ||   159
 Cast: Sandblast         |    17 |    31 |    44 ||    92
       Stone Arrow       |       |     3 |    72 ||    75
  Use: Scroll            |       |     7 |    11 ||    18
       Potion            |       |       |     1 ||     1
 Stab: Sleeping          |     4 |     6 |    10 ||    20
  Eat: Chunk             |     5 |     8 |    20 ||    33
       Ration            |       |       |     2 ||     2
Armor: Robe              |    59 |    30 |       ||    89
       Leather armour    |       |       |   107 ||   107
Dodge: Dodged            |   109 |    82 |   127 ||   318
